 Dungeon Crawl Stone Soup version 0.24.0-125-gc4c63601f3 (webtiles) character file.

Game seed: 16062305699083541345, levelgen mode: deterministic

11529 Peloso the Carver (level 11, -7/97 HPs)
             Began as a Minotaur Fighter on Mar 21, 2020.
             Was an Elder of Okawaru.
             Hit by a large rock thrown by a stone giant (20 damage)
             ... in a volcano.
             The game lasted 00:21:17 (10664 turns).

Peloso the Carver (Minotaur Fighter)               Turns: 10664, Time: 00:21:18

Health: -7/97      AC: 15    Str: 25    XL:     11   Next: 50%
Magic:  10/10      EV:  9    Int:  5    God:    Okawaru [****..]
Gold:   497        SH: 13    Dex: 12    Spells: 10/10 levels left

rFire    + . .     SeeInvis .   a - +1 long sword
rCold    x . .     Gourm    +   c - +0 shield
rNeg     + . .     Faith    .   p - +2 chain mail {rN+}
rPois    .         Spirit   .   (helmet restricted)
rElec    .         Reflect  .   D - +0 cloak
rCorr    .         Harm     .   (no gloves)
MR       .....                  (no boots)
Stlth    ..........             o - amulet of the gourmand
HPRegen  0.26/turn              F - +3 ring of strength
MPRegen  0.12/turn              E - ring of fire

@: invisible
A: retaliatory headbutt, horns 2
a: Heroism, Renounce Religion


You were in a volcano.
You worshipped Okawaru.
Okawaru was greatly pleased with you.
You were full.

You visited 3 branches of the dungeon, and saw 13 of its levels.
You also visited: Volcano.

You collected 497 gold pieces.

Inventory:

Hand Weapons
 a - a +1 long sword (weapon)
 b - a +2 trident of flaming
Armour
 c - a +0 shield (worn)
 p - a +2 chain mail of positive energy (worn)
 D - a +0 cloak (worn)
Jewellery
 d - the ring "Qeluifaw" {Ice rPois MR+}
   (You found it on level 7 of the Dungeon)

   [ring of ice]

   It enhances your ice magic.
   It makes you vulnerable to fire.
   It protects you from cold.
   It protects you from poison.
   It affects your resistance to hostile enchantments.
 g - an uncursed ring of protection from magic
 o - an amulet of the gourmand (around neck)
 E - a ring of fire (right hand)
 F - a +3 ring of strength (left hand)
Wands
 i - a wand of flame (42)
 t - a wand of polymorph (10)
 G - a wand of disintegration (9)
 H - a wand of scattershot (6)
 K - a wand of paralysis (5)
 L - a wand of iceblast (11)
Scrolls
 j - 2 scrolls of enchant weapon
 k - a scroll of remove curse {unknown}
 l - a scroll of magic mapping
 n - 2 scrolls of enchant armour {unknown}
 q - 2 scrolls of blinking
 u - a scroll of fog
 w - 2 scrolls of fear {unknown}
 y - a scroll of immolation {unknown}
 A - a scroll of teleportation
 B - 2 scrolls of random uselessness {unknown}
 C - a scroll of amnesia
Potions
 e - a potion of flight
 r - 3 potions of haste
 s - a potion of resistance
 v - 2 potions of mutation
 z - 3 potions of curing
 I - a potion of ambrosia
 J - 2 potions of brilliance
 M - a potion of might
Comestibles
 f - 24 rations


   Skills:
 + Level 9.2 Fighting
 + Level 12.9 Long Blades
 + Level 10.4 Armour
 + Level 3.4 Dodging
 + Level 1.1 Stealth
 + Level 11.6 Shields
 + Level 1.0 Invocations
 + Level 0.2 Evocations


You had 10 spell levels left.
You didn't know any spells.
Your spell library was empty.

Dungeon Overview and Level Annotations

Branches:
Dungeon (11/15)            Temple (1/1) D:4            Lair (1/6) D:11
    Orc (0/2) D:11        Volcano (1/1)

Altars:
Ashenzari
Cheibriados
Elyvilon
Fedhas
Gozag
Hepliaklqana
Kikubaaqudgha
Makhleb
Nemelex Xobeh
Okawaru
Ru
Sif Muna
Trog
Vehumet
Wu Jian
Xom
Yredelemnul
Zin
The Shining One

Shops:
D:4 [


Innate Abilities, Weirdness & Mutations

You reflexively headbutt those who attack you in melee.
You have a pair of horns on your head.


Message History

There is a rock-blocked tunnel here.
Why would you want to do that?
Found a rocky tunnel leading out of this place.
Found a potion of resistance.
Found 11 gold pieces and an embroidered hat.
Found a longbow of flaming.
Found 17 gold pieces.
A stone giant comes into view.
The stone giant shouts!
The stone giant throws a large rock.
The large rock hits you!!!
* * * LOW HITPOINT WARNING * * *
Found a runed hat and a ration.
You see here a large rock.
The stone giant throws a large rock.
The large rock hits you.
* * * LOW HITPOINT WARNING * * *
There is a rocky tunnel leading out of this place here.
You see here a large rock.
You fade into invisibility!
The stone giant throws a large rock.
The large rock hits you!!
You die...

#### ##§§##
##≈≈°≈#
#.≈§≈°#
##[$$§≈##
#C%.!§§§#
#[!@)≈≈#
###(§§##
#..###
##.### ##
###..#
#..##...##
§§......##
§§§≈§....#
§§≈§≈≈.§.##


You could see a stone giant.

Vanquished Creatures
  Harold (D:8)
  A two-headed ogre (D:10)
  Pikel (D:8)
  A cyclops (D:10)
  A deep elf mage (D:9)
  A centaur zombie (D:10)
  Psyche (D:9)
  A centaur skeleton (D:11)
  2 trolls
  A slime creature (D:9)
  2 hippogriffs (D:10)
  2 wyverns
  A spriggan (D:8)
  2 yaks
  Grum (D:8)
  3 porcupines (D:11)
  2 water moccasins
  2 hell hounds (Lair:1)
  4 ice beasts
  2 sky beasts
  2 orc warriors (D:11)
  2 slaves (D:8)
  2 black bears (D:11)
  An eye of draining (D:11)
  3 phantoms
  7 ogres
  A necrophage (D:7)
  2 wolves (D:8)
  5 centaurs
  3 crocodiles
  2 big kobolds
  5 bullfrogs
  A gnoll sergeant (D:7)
  6 scorpions
  3 killer bees (D:9)
  4 wights (D:7)
  5 howler monkeys
  7 crimson imps
  2 bullfrog zombies
  A quasit (D:7)
  2 bullfrog skeletons
  A jelly (D:6)
  5 orc wizards
  4 hounds
  6 orc priests
  A gnoll shaman (D:6)
  2 iguanas
  2 worker ants
  A hound zombie (D:8)
  3 hound skeletons
  3 worker ant zombies
  20 gnolls
  15 adders
  2 shadow imps
  2 oozes
  An adder zombie (D:9)
  An adder skeleton (D:5)
  3 dart slugs
  3 worms
  6 leopard geckos
  14 orcs
  9 bats
  4 giant cockroaches
  5 goblins
  8 hobgoblins
  18 jackals
  6 quokkas
  A frilled lizard (D:2)
  17 kobolds
  7 rats
268 creatures vanquished.

Vanquished Creatures (others)
  2 slaves (D:8)
  24 fungi (D:11)
  2 plants (D:11)
28 creatures vanquished.

Grand Total: 296 creatures vanquished

Notes
Turn   | Place    | Note
-------+----------+-------------------------------------------
     0 | D:1      | Peloso the Minotaur Fighter began the quest for the Orb.
     0 | D:1      | Reached XP level 1. HP: 19/19 MP: 0/0
    56 | D:1      | Reached XP level 2. HP: 22/27 MP: 1/1
   775 | D:2      | Reached XP level 3. HP: 27/33 MP: 2/2
  1345 | D:3      | Reached XP level 4. HP: 40/40 MP: 3/3
  1453 | D:3      | Found a faded altar of an unknown god.
  1468 | D:3      | Reached skill level 3 in Long Blades
  2176 | D:4      | You fall into a shaft and drop 3 floors!
  2188 | D:7      | Reached skill level 5 in Fighting
  2188 | D:7      | Reached XP level 5. HP: 30/48 MP: 4/4
  2367 | D:7      | Reached skill level 1 in Dodging
  2372 | D:7      | Reached skill level 4 in Long Blades
  2372 | D:7      | Reached skill level 5 in Shields
  2415 | D:7      | Reached XP level 6. HP: 56/56 MP: 5/5
  2440 | D:7      | Reached skill level 5 in Armour
  2539 | D:7      | Noticed an ice beast
  2541 | D:7      | Noticed an ice beast
  2543 | D:7      | Reached XP level 7. HP: 38/61 MP: 6/6
  2573 | D:7      | Reached skill level 5 in Long Blades
  2577 | D:7      | Got a shimmering brass ring
  2578 | D:7      | Identified the ring "Qeluifaw" {Ice rPois MR+} (You found
                  | it on level 7 of the Dungeon)
  3259 | D:7      | Reached skill level 6 in Long Blades
  3296 | D:7      | Reached XP level 8. HP: 36/69 MP: 7/7
  3798 | D:6      | Found a snail-covered altar of Cheibriados.
  3827 | D:6      | Reached skill level 7 in Long Blades
  4563 | D:6      | Reached skill level 8 in Long Blades
  4666 | D:6      | Reached XP level 9. HP: 67/75 MP: 8/8
  4918 | D:5      | Entered Level 5 of the Dungeon
  5062 | D:5      | Reached skill level 9 in Long Blades
  5245 | D:5      | Reached skill level 1 in Stealth
  5816 | D:4      | Found a staircase to the Ecumenical Temple.
  5824 | Temple   | Entered the Ecumenical Temple
  5865 | Temple   | Became a worshipper of Warmaster Okawaru
  6227 | D:4      | Found Zierch's Antique Armour Shop.
  6455 | D:8      | Noticed Grum
  6469 | D:8      | Killed Grum
  6622 | D:8      | Noticed Pikel
  6645 | D:8      | Reached * piety under Okawaru
  6651 | D:8      | Killed Pikel
  6651 | D:8      | Reached skill level 10 in Long Blades
  6744 | D:8      | Reached skill level 10 in Shields
  6768 | D:8      | Found a shattered altar of Ashenzari.
  6768 | D:8      | Found a glowing silver altar of Zin.
  6769 | D:8      | Found an ancient bone altar of Kikubaaqudgha.
  6831 | D:8      | Noticed Harold
  6846 | D:8      | Killed Harold
  6846 | D:8      | Reached ** piety under Okawaru
  6846 | D:8      | Reached XP level 10. HP: 38/86 MP: 6/9
  7546 | D:9      | Reached skill level 11 in Long Blades
  7564 | D:9      | Reached *** piety under Okawaru
  7626 | D:9      | Noticed Psyche
  7633 | D:9      | Killed Psyche
  7745 | D:9      | Noticed a rakshasa
  7745 | D:9      | Noticed a deep elf mage
  7765 | D:9      | Killed a deep elf mage
  8087 | D:10     | Entered Level 10 of the Dungeon
  8108 | D:10     | Received a gift from Okawaru
  8108 | D:10     | Reached skill level 12 in Long Blades
  8270 | D:10     | Reached **** piety under Okawaru
  8415 | D:10     | Reached XP level 11. HP: 21/95 MP: 7/10
  9364 | D:11     | Noticed a two-headed ogre
  9399 | D:10     | Killed a two-headed ogre
  9399 | D:10     | Reached skill level 10 in Armour
  9898 | D:11     | Reached skill level 1 in Invocations
 10105 | D:11     | Found a staircase to the Lair.
 10361 | D:11     | Found a staircase to the Orcish Mines.
 10537 | Lair:1   | Entered Level 1 of the Lair of Beasts
 10624 | Lair:1   | Found a dark tunnel.
 10642 | Volcano  | Entered a volcano
 10662 | Volcano  | Noticed a stone giant
 10664 | Volcano  | Hit by a large rock thrown by a stone giant

Levels and vault maps discovered:
D:1:      mrwooster_arrival_statue, layout_loops_corners
D:2:      layout_rooms, first_ration
D:3:      minmay_recursive_quarters, layout_basic,
          chequers_ecumenical_altar_simple_redux, kennysheep_crisscross,
          grunt_decor_one_mirror
D:4:      layout_rooms, minmay_temple_entry_grid, serial_shops,
          nicolae_shop_statue_plus, hangedman_decor_lopped,
          chequers_serial_rivers_micro_d
D:5:      layout_gridville
D:6:      layout_gridville, slow_altar_1, serial_glass, glass_columns_a,
          glass_columns_b
D:7:      layout_cave_pools, kennysheep_generic_room_13
D:8:      layout_loops_ring, gammafunk_temple_overflow_claw, the_bakery,
          uniq_harold, uniq_grum, uniq_pikel
D:9:      minmay_the_grid_net [minmay_the_grid_odd_star,
          minmay_the_grid_zigzag_pyramid, minmay_the_grid_expand,
          minmay_the_grid_garden, minmay_the_grid_tri_star,
          minmay_the_grid_prize_big_room], layout_long_grid, serial_shops, shop,
          moated_statue, chequers_arboretum, corexii_corridor_pit, uniq_psyche
D:10:     layout_stronghold
D:11:     layout_rooms, due_lair_maze_entry_diamond
Temple:   compressed_dpeg_circular_temple
Lair:1:   layout_cave_pods, portal_ice_cave_entry_ice_beasts, enter_volcano_3,
          grunt_megastairs_5
Volcano:  volcano_pools

Skill      XL: |  1  2  3  4  5  6  7  8  9 10 11 |
---------------+----------------------------------+-----
Fighting       | 4 5 6 7 8 9 |  9.2
Armour         | 4 5 6 7 8 9 10 | 10.4
Shields        | 4 5 6 8 10 11 | 11.6
Long Blades    | 3 4 6 8 10 12 | 12.9
Dodging        | 1 2 3 |  3.4
Stealth        | 1 |  1.1
Invocations    | 1 |  1.0
Evocations     | |  0.2

Action                   |  1- 3 |  4- 6 |  7- 9 | 10-12 || total
-------------------------+-------+-------+-------+-------++-------
Melee: Long sword        |    64 |   126 |   433 |   352 ||   975
       Headbutt          |     9 |    19 |    90 |    85 ||   203
Invok: Heroism           |       |       |     1 |     3 ||     4
Evoke: Wand              |       |     1 |     1 |       ||     2
  Use: Scroll            |     4 |       |     2 |    10 ||    16
       Potion            |     2 |       |     2 |     1 ||     5
  Eat: Chunk             |       |     5 |    25 |    10 ||    40
Armor: Scale mail        |    26 |    65 |    11 |       ||   102
       Plate armour      |       |       |   247 |       ||   247
       Chain mail        |       |       |       |   120 ||   120
Dodge: Dodged            |    27 |    44 |   112 |   102 ||   285
Block: Shield            |    46 |    77 |   302 |   201 ||   626
       Rpst.: Long sword |    10 |    12 |    26 |    26 ||    74
